 Dungeon Crawl Stone Soup version 0.22.0 (webtiles) character file.

28 Gremour the Slasher (level 2, 0/26 HPs)
             Began as a Draconian Chaos Knight on Aug 10, 2018.
             Engulfed by a swamp drake's noxious fumes (1 damage)
             ... on level 2 of the Dungeon.
             The game lasted 00:06:05 (948 turns).

Gremour the Slasher (Draconian Chaos Knight)         Turns: 948, Time: 00:06:06

Health: 0/26       AC:  4    Str: 14    XL:     2   Next: 96%
Magic:  11/11      EV: 12    Int: 12    God:    Xom [..*...]
Gold:   27         SH:  0    Dex: 10    Spells: 1/1 levels left

rFire    . . .     SeeInvis .   a - +0 falchion (chaos)
rCold    . . .     Gourm    .   (no shield)
rNeg     . . .     Faith    .   (armour unavailable)
rPois    .         Spirit   .   (helmet restricted)
rElec    .         Reflect  .   (no cloak)
rCorr    .         Harm     .   (no gloves)
MR       +....                  (no boots)
Stlth    +.........             (no amulet)
HPRegen  0.08/turn              e - ring of magical power
MPRegen  0.12/turn              j - ring of protection from magic

@: confused
A: unfitting armour, cold-blooded, AC +4
a: Renounce Religion


You were on level 2 of the Dungeon.
You worshipped Xom.
You were a toy of Xom.
You were not hungry.

You visited 1 branch of the dungeon, and saw 2 of its levels.

You collected 27 gold pieces.

Inventory:

Hand Weapons
 a - a +0 falchion of chaos (weapon)
Jewellery
 e - a ring of magical power (left hand)
 j - a ring of protection from magic (right hand)
Scrolls
 d - 2 scrolls of identify
 m - a scroll of enchant armour {unknown}
Potions
 c - a potion of agility
 f - a potion of curing {unknown}
 g - a potion of might {unknown}
 h - a potion of brilliance {unknown}
 i - a potion of cancellation {unknown}
 k - a potion of heal wounds {unknown}
Comestibles
 b - 3 rations
 l - a chunk of flesh


   Skills:
 - Level 3.2 Fighting
 * Level 4.2 Long Blades
 - Level 2.1 Dodging


You had one spell level left.
You didn't know any spells.
Your spell library was empty.

Dungeon Overview and Level Annotations

Branches:
Dungeon (2/15)

Altars:


Innate Abilities, Weirdness & Mutations

Your plain brown scales are hard. (AC +4)
You cannot fit into any form of body armour.
You are cold-blooded and may be slowed by cold attacks.


Message History

The frilled lizard appears confused.
The rat is engulfed in noxious fumes.
The rat appears confused.
You are engulfed in noxious fumes.
You choke on the stench!
You are more confused.
* * * LOW HITPOINT WARNING * * *
The rat is engulfed in noxious fumes.
The rat appears confused.
The goblin shouts!
The bat hits your butterfly.
Your butterfly dies!
You see here a scroll labeled ODGHUT BAXYI.
m - a scroll labeled ODGHUT BAXYI The swamp drake bites you!
* * * LOW HITPOINT WARNING * * *
You feel less confused.
The swamp drake breathes noxious fumes at you.
The noxious blast engulfs you!
You are engulfed in noxious fumes.
You choke on the stench!
You are confused.
You die...
Xom chuckles heartily!

## ..# #.#
########.####
..........#..
........<.#.#
........bb#<###
.............§#
........b..§@§+
........r#.§§§#
.........#.§§§+
.....l...#k.g.#
######b.....###
##...#.#
#...#...
.....#.###
###.#....


You could see a swamp drake, a goblin, a bat (confused) and a rat (confused).

Vanquished Creatures
  A dart slug (D:1)
  A leopard gecko (D:1)
  A giant cockroach (D:1)
  A goblin (D:1)
  3 hobgoblins (D:1)
  5 jackals (D:1)
  3 bats (D:1)
  A frilled lizard (D:1)
  3 kobolds (D:1)
  3 rats (D:1)
22 creatures vanquished.

Notes
Turn   | Place    | Note
-------+----------+-------------------------------------------
     0 | D:1      | Gremour the Draconian Chaos Knight began the quest for the Orb.
     0 | D:1      | Reached XP level 1. HP: 19/19 MP: 1/1
    41 | D:1      | XOM: silly message
   120 | D:1      | Reached XP level 2. HP: 23/26 MP: 2/2
   487 | D:1      | XOM: silly message
   624 | D:1      | Reached skill level 4 in Long Blades
   627 | D:1      | XOM: scenery: 2 doors open
   650 | D:1      | XOM: divination: magic mapping
   928 | D:2      | Noticed a swamp drake
   928 | D:2      | a worm changed into a swamp drake
   938 | D:2      | XOM: butterfly on damage
   945 | D:2      | HP: 1/26 [swamp drake (7)]
   948 | D:2      | Engulfed by a swamp drake's noxious fumes

Skill      XL: |  1  2 |
---------------+-------+-----
Long Blades    | 4 |  4.2
Fighting       | |  3.2
Dodging        | |  2.1

Action                   || total
-------------------------++-------
Melee: Falchion          ||    61
       Tailslap          ||     5
  Use: Scroll            ||     1
 Stab: Paralysed         ||     1
Armor: Skin              ||    11
Dodge: Dodged            ||    46
       Rpst.: Falchion   ||    13
